 Seeded DCSS version 0.32-a0-473-gd044c6f0f0 (webtiles) character file.

Game seed: 7220356206648857820 (custom seed)

11 CInkIbrahim the Trooper (level 2, 24/24 HPs)
             Began as a Coglin Fighter on Feb 25, 2024.
             Was a Follower of Lugonu.
             Quit the game on level 2 of the Dungeon.
             The game lasted 00:01:08 (620 turns).

CInkIbrahim the Trooper (Coglin Fighter)             Turns: 620, Time: 00:01:09

Health: 24/24      AC:  6    Str: 16    XL:     2   Next: 25%
Magic:  2/2        EV:  8    Int:  7    God:    Lugonu [*.....]
Gold:   55         SH:  4    Dex: 13    Spells: 1/1 levels left

rFire   . . .        a - +0 trident {Salvador}
rCold   . . .        c - +0 buckler
rNeg    . . .        b - +0 scale mail
rPois   .            (no helmet)
rElec   .            (no cloak)
rCorr   .            (no gloves)
SInv    .            (no boots)
Will    .....        (no amulet) Stlth
                     (ring unavailable)
HPRegen 0.24/turn    (ring unavailable)
MPRegen 0.08/turn

%: no passive effects
@: no status effects
A: off-hand wielding, slow wielding, warmup strikes, no rings
a: Renounce Religion, Depart the Abyss


You were on level 2 of the Dungeon.
You worshipped Lugonu.
Lugonu was aware of your devotion.
You visited 1 branch of the dungeon, and saw 2 of its levels.

You collected 55 gold pieces.

Inventory:

Hand Weapons
 a - a +0 trident (weapon) {Salvador}
Armour
 b - a +0 scale mail (worn)
 c - a +0 buckler (worn)
Scrolls
 e - a scroll of vulnerability {unknown}
 i - a scroll of acquirement
Potions
 d - 2 potions of might
 f - a potion of degeneration {unknown}
 g - 2 potions of invisibility {unknown}
 h - a potion of enlightenment {unknown}


   Skills:
 - Level 3.0 Fighting
 + Level 2.6 Polearms
 - Level 2.6 Armour
 - Level 2.1 Shields


You had one spell level left.
You didn't know any spells.
Your spell library contained the following spells:

 Spells                   Type           Power      Damage    Failure   Level
 Dazzling Flash           Conj/Hex       0%         N/A       100%        3
 Volatile Blastmotes      Fire/Tloc      0%         2d10      100%        3
 Starburst                Conj/Fire      0%         6d3       100%        6
 Maxwell's Capacitive Co  Air            0%         ∞         100%        8


Dungeon Overview and Level Annotations

Branches:
Dungeon (2/15)

Altars:
Lugonu


Innate Abilities, Weirdness & Mutations

You can wield a second weapon in your off-hand.
It takes a long time for you to wield or remove held weapons.
Your first few attacks do less damage.
Your grasper-arms cannot wear rings.


Message History

No target in view!
d - 2 potions of might (gained 1)
You see here an orb of light.
No target in view!
You now have 55 gold pieces (gained 10).
Done exploring.
No target in view!
Done exploring.
No target in view!
Done exploring.
No target in view!
Done exploring.
No target in view!
Done exploring.
No target in view!
Done exploring.
No target in view!
Done exploring.
No target in view!
Done exploring.
No target in view!
Done exploring.
No target in view!
You open the door.
There is an open door here.
There is a stone staircase leading down here.
You climb downwards.
Found 3 scrolls labelled JETOCU TUKUZI.
There is a stone staircase leading up here.
Number of times to repeat, then command key: You must enter the number of times for the command to repeat.
i - 3 scrolls labelled JETOCU TUKUZI No target in view!
Number of times to repeat, then command key: 19 This is a scroll of acquirement!
Something appears at your feet!
Number of times to repeat, then command key: 2 Something appears at your feet!
Number of times to repeat, then command key: 2 Are you sure you want to abandon this character and quit the game? (Confirm with "yes".)

##+##
##...##
##.....##
##.......##
#.....<...#
+.........+
#.........#
##.....@.##
##.....##
##...##
##+##


There were no monsters in sight!

Vanquished Creatures
  A dart slug (D:1)
  2 endoplasms (D:1)
  2 quokkas (D:1)
  A ball python (D:1)
  3 frilled lizards (D:1)
9 creatures vanquished.

Notes
Turn   | Place    | Note
-------+----------+-------------------------------------------
     0 | D:1      | CInkIbrahim the Coglin Fighter began the quest for the Orb.
     0 | D:1      | Reached XP level 1. HP: 18/18 MP: 1/1
   277 | D:1      | Found a faded altar of an unknown god.
   311 | D:1      | Reached XP level 2. HP: 19/24 MP: 2/2
   320 | D:1      | Prayed at the altar of an unknown god.
   320 | D:1      | Became a worshipper of Lugonu the Unformed
   320 | D:1      | Reached * piety under Lugonu
   614 | D:2      | Identified 3 scrolls of acquirement
   614 | D:2      | Acquired the +3 pair of mountain boots {steadfast, rC+}
   614 | D:2      | Found the +3 pair of mountain boots {steadfast, rC+}
   617 | D:2      | Acquired the scarf of Mirth {rC+ rF+, rCorr Slay+2}
   620 | D:2      | Quit the game

Illustrated notes

Levels and vault maps discovered:
D:1:      psy_arrival_whirlpool, layout_basic,
          shapermc_ecumenical_altar_starsandcircs, minmay_strange_pillars
D:2:      kennysheep_big_flooded_room, layout_loops_corners, minmay_cut_off

Skill      XL: |  1 |
---------------+----+-----
Polearms       | 2 |  2.6
Fighting       | |  3.0
Armour         | |  2.6
Shields        | |  2.1

Action                     || total
---------------------------++-------
  Melee: Trident           ||    23
    Use: Scroll            ||     2
 Armour: Scale mail        ||     7
  Dodge: Dodged            ||     3
  Block: Buckler           ||     4

Table legend: (Time is in decaauts)
 A = Elapsed time spent in this place.
 B = Non-inter-level travel time spent in this place.
 C = Inter-level travel time spent in this place.
 D = Time resting spent in this place.
 E = Time spent auto-exploring this place.
 F = Levels seen in this place.
 G = Mean time per level.
                   A        B        C        D        E       F      G
               +--------+--------+--------+--------+--------+-----+--------+
         Total |    627 |    592 |     35 |      0 |    493 |   2 |  313.5 |
       Dungeon |    627 |    592 |     35 |      0 |    493 |   2 |  313.5 |
               +--------+--------+--------+--------+--------+-----+--------+

Top non-repeatable levels by time:
     D:1: 597 daAuts
     D:2: 29 daAuts
